 Dungeon Crawl Stone Soup version 0.17.0 (webtiles) character file.

73 HungrySpirit the Skirmisher (level 4, 0/30 HPs)
             Began as a Gargoyle Wanderer on Nov 6, 2015.
             Killed by divine providence
             ... invoked by an orc priest
              (12 damage)
             ... on level 3 of the Dungeon.
             The game lasted 00:03:52 (1607 turns).

HungrySpirit the Skirmisher (Gargoyle Wanderer)     Turns: 1607, Time: 00:03:52

Health: 0/30       AC: 10    Str: 15    XL:     4   Next: 27%
Magic:  4/4        EV: 11    Int: 12    God:
Gold:   133        SH:  0    Dex: 11    Spells: 0 memorised, 3 levels left

rFire  . . .     SeeInvis .     t - +2 long sword (flame)
rCold  . . .     Clarity  .     r - +0 leather armour
rNeg   + . .     SustAt   .     (no shield)
rPois  ∞         Gourm    .     (no helmet)
rElec  +         Spirit   .     (no cloak)
rCorr  .         Warding  .     q - +0 pair of gloves
rMut   .         Stasis   .     (no boots)
MR     .....                    k - amulet of rage
Stlth  ++........               (no ring)
                                u - +3 ring of protection

@: not resistant to hostile enchantments, unstealthy
A: negative energy resistance 1, electricity resistance, unbreathing,
petrification resistance, rot immunity, AC +3
a: Evoke Berserk Rage


You were on level 3 of the Dungeon.
You were not hungry.

You visited 1 branch of the dungeon, and saw 3 of its levels.

You collected 133 gold pieces.

Inventory:

Hand Weapons
 a - a +2 hand crossbow
 n - a +0 whip
 t - a +2 long sword of flaming (weapon)
 y - a +0 antimagic rapier
Missiles
 b - 19 bolts
Armour
 q - a +0 pair of gloves (worn)
 r - a +0 leather armour (worn)
Jewellery
 k - an amulet of rage (around neck)
 u - a +3 ring of protection (left hand)
Wands
 x - a wand of random effects (27)
Scrolls
 d - a scroll of immolation {unknown}
 e - a scroll of magic mapping {unknown}
 g - 2 scrolls of identify
 j - 2 scrolls of recharging {unknown}
 m - a scroll of amnesia {unknown}
 p - a scroll of remove curse {unknown}
Potions
 c - 2 potions of lignification
 h - 2 potions of brilliance {unknown}
 i - 2 potions of agility {unknown}
 o - a potion of ambrosia {unknown}
 s - a potion of cancellation {unknown}
 v - a potion of resistance {unknown}
 w - a potion of curing {unknown}
Comestibles
 f - a bread ration
 l - 2 meat rations
 z - 3 fruits


   Skills:
 - Level 4.5 Fighting
 * Level 1.2 Long Blades
 - Level 1.8 Maces & Flails
 - Level 3.0 Crossbows
 - Level 1.5 Dodging
 - Level 2.1 Stealth


You had 3 spell levels left.
You didn't know any spells.

Dungeon Overview and Level Annotations

Branches:
Dungeon (3/15)

Altars:
Xom


Innate Abilities, Weirdness & Mutations

You are resistant to torment.
Your stone body is resilient (AC +3).
You are immune to poison.
You resist negative energy.
You are resistant to electric shocks.
You can survive without breathing.
You are immune to petrification.
You are immune to rotting.


Message History

The orc priest is heavily wounded.
The orc priest barely misses you.
You completely miss the orc priest.
The orc priest is heavily wounded.
The orc priest mumbles some strange prayers to Beogh against you.
Something smites you!
The orc priest hits you but does no damage.
You hear a shout! x2
You hit the orc priest but do no damage.
The orc priest is heavily wounded.
The orc priest misses you.
You completely miss the orc priest.
The orc priest is heavily wounded.
The orc priest hits you with a whip.
An orc comes into view.
You closely miss the orc priest.
The orc priest is heavily wounded.
The orc priest mumbles some strange prayers to Beogh against you.
Something smites you!
You die...

.......†..#
.....#.##.########
####.#.##........#
#.#.##..#####.# #.#.##..#
#.# ####.#.##..### #.#
#............###.#####
.#........#.....o..o##
#.##.###.#####@##...######
#. #.# #.##....o.... #.
#.# #.##...###### .. #.#
#.###### #. #.# #.# .. #.#
#.# ## #.# #.. ###


You could see an orc priest and an orc.

Vanquished Creatures
  2 adders
  2 giant geckos
  3 giant cockroaches
  A goblin (D:2)
  5 hobgoblins
  8 jackals
  11 kobolds
  A quokka (D:2)
  2 ball pythons (D:1)
  6 bats
  5 giant newts
  3 rats
49 creatures vanquished.

Notes
Turn   | Place    | Note
--------------------------------------------------------------
     0 | D:1      | HungrySpirit the Gargoyle Wanderer began the quest for the Orb.
     0 | D:1      | HungrySpirit set off with: a +2 hand crossbow, 25 bolts, 2 potions of lignification, a +0 robe, a +0 dagger, a bread ration
     0 | D:1      | Reached XP level 1. HP: 14/14 MP: 1/1
    67 | D:1      | Reached XP level 2. HP: 18/20 MP: 2/2
    85 | D:1      | Reached skill level 4 in Fighting
   302 | D:1      | Reached XP level 3. HP: 24/24 MP: 3/3
   701 | D:2      | Reached skill level 1 in Maces & Flails
  1484 | D:3      | Reached skill level 1 in Long Blades
  1484 | D:3      | Reached XP level 4. HP: 30/30 MP: 4/4
  1534 | D:3      | Found a shimmering altar of Xom.
  1607 | D:3      | Killed from afar by an orc priest

Action                   |  1- 3 |  4- 6 || total
-------------------------+-------+-------++-------
Melee: Long sword        |     5 |    28 ||    33
 Fire: Hand crossbow     |    80 |       ||    80
  Use: Scroll            |       |     1 ||     1
  Eat: Chunk             |     1 |     1 ||     2
